BSA
NASHVILLE G-STRINGS @ SPRINGFIELD STARS
04/23/2030
 
TOP OF THE 1ST
Nashville G-Strings batting - Pitching for Springfield Stars : RHP Rien Middelkamp
Pitching: RHP Rien Middelkamp
Batting: RHB Eric Thompson 0-0: Called Strike
0-1: Fly out, F9 (Flyball, 89D)
Batting: LHB Robinson Fernández 0-0: Ball
1-0: Ball
2-0: Ball
3-0: Called Strike
3-1: Base on Balls
Batting: RHB Sergio Márquez 0-0: Called Strike
0-1: Fly out, F7 (Flyball, 7D)
Batting: LHB Ramón Morales 0-0: SINGLE (Line Drive, 34)
Robinson Fernández to second
Runner from 2nd tries for 3rd, SAFE, no throw
Batting: RHB Jesús Cabrera 0-0: Ball
1-0: Called Strike
1-1: Ball
2-1: Foul Ball, location: 2F
2-2: Fielders Choice at 2nd, 6-4 (Groundball, 6)
Top of the 1st over - 0 runs, 1 hit, 0 errors, 2 left on base; Nashville 0 - Springfield 0
BOTTOM OF THE 1ST
Springfield Stars batting - Pitching for Nashville G-Strings : RHP Javier García
Pitching: RHP Javier García
Batting: RHB Norberto Taváres 0-0: Swinging Strike
0-1: Reached on error, E5 (Groundball, 5)
Batting: LHB Jesús Tobías 0-0: Ball
1-0: Ball
2-0: Ball
Norberto Taváres steals 2nd base
3-0: Called Strike
3-1: Ground out 4-3 (Groundball, 4)
Norberto Taváres to third
Batting: LHB Derek Davidson 0-0: Called Strike
0-1: Ball
1-1: Ball
2-1: Ball
3-1: Base on Balls
Batting: LHB Felipe Guerrero 0-0: Called Strike
0-1: Grounds into double play, 6-4-3 (Groundball, 6)
Bottom of the 1st over - 0 runs, 0 hits, 1 error, 1 left on base; Nashville 0 - Springfield 0
TOP OF THE 2ND
Nashville G-Strings batting - Pitching for Springfield Stars : RHP Rien Middelkamp
Batting: SHB Ricardo Arévalo 0-0: Called Strike
0-1: Called Strike
0-2: Ball
1-2: Foul Ball, location: 2F
1-2: Ball
2-2: Strikes out swinging
Batting: RHB John Denton 0-0: Ball
1-0: Fly out, F3 (Line Drive, 3)
Batting: SHB Jorge Flores 0-0: Swinging Strike
0-1: Ball
1-1: Ball
2-1: Foul Ball, location: 2F
2-2: Foul Ball, location: 2F
2-2: Fly out, F5 (Popup, 25F)
Top of the 2nd over - 0 runs, 0 hits, 0 errors, 0 left on base; Nashville 0 - Springfield 0
BOTTOM OF THE 2ND
Springfield Stars batting - Pitching for Nashville G-Strings : RHP Javier García
Batting: LHB Elliott Newell 0-0: Foul Ball, location: 2F
0-1: DOUBLE (Flyball, 8LXD)
Batting: RHB Calvin Bennett 0-0: Ball
1-0: Ground out 6-3 (Groundball, 6)
Batting: LHB Mike Pearson 0-0: Swinging Strike
0-1: Ball
1-1: Ball
2-1: Ball
3-1: Base on Balls
Batting: RHB Juan Carlos Rodríguez 0-0: Grounds into double play, 6-4-3 (Groundball, 56)
Bottom of the 2nd over - 0 runs, 1 hit, 0 errors, 1 left on base; Nashville 0 - Springfield 0
TOP OF THE 3RD
Nashville G-Strings batting - Pitching for Springfield Stars : RHP Rien Middelkamp
Batting: RHB Wilfred Martin 0-0: Ball
1-0: Called Strike
1-1: Ball
2-1: Called Strike
2-2: Fly out, F9 (Flyball, 9S)
Batting: RHB Eric Thompson 0-0: Called Strike
0-1: Swinging Strike
0-2: Strikes out swinging
Batting: LHB Robinson Fernández 0-0: Swinging Strike
0-1: Swinging Strike
0-2: Ball
1-2: Ground out 5-3 (Groundball, 56)
Top of the 3rd over - 0 runs, 0 hits, 0 errors, 0 left on base; Nashville 0 - Springfield 0
BOTTOM OF THE 3RD
Springfield Stars batting - Pitching for Nashville G-Strings : RHP Javier García
Batting: LHB Roberto Trujillo 0-0: Fly out, F8 (Flyball, 8RXD)
Batting: RHB Norberto Taváres 0-0: Swinging Strike
0-1: Foul Ball, location: 2F
0-2: Foul Ball, location: 2F
0-2: Ball
1-2: Foul Ball, location: 2F
1-2: Strikes out looking
Batting: LHB Jesús Tobías 0-0: Foul Ball, location: 2F
0-1: Ground out 3-1 (Groundball, 34)
Bottom of the 3rd over - 0 runs, 0 hits, 0 errors, 0 left on base; Nashville 0 - Springfield 0
TOP OF THE 4TH
Nashville G-Strings batting - Pitching for Springfield Stars : RHP Rien Middelkamp
Batting: RHB Sergio Márquez 0-0: Called Strike
0-1: Called Strike
0-2: Ground out 4-3 (Groundball, 34)
Batting: LHB Ramón Morales 0-0: Ball
1-0: Ball
2-0: Ball
3-0: Base on Balls
Batting: RHB Jesús Cabrera 0-0: Called Strike
Pickoff Throw to First - Error! E1
Ramón Morales to second
0-1: Foul Ball, location: 2F
0-2: Ball
1-2: Ball
2-2: Foul Ball, location: 2F
2-2: Ball
3-2: DOUBLE (Groundball, 5L)
Ramón Morales scores
Batting: SHB Ricardo Arévalo 0-0: Ball
1-0: Ball
2-0: Called Strike
2-1: Ball
3-1: Base on Balls
Batting: RHB John Denton 0-0: Ball
1-0: Foul Ball, location: 2F
1-1: Called Strike
1-2: Strikes out swinging
Batting: SHB Jorge Flores 0-0: Called Strike
0-1: Called Strike
Ricardo Arévalo steals 2nd base
Jesús Cabrera to third
0-2: Foul Ball, location: 2F
0-2: Ball
1-2: Strikes out swinging
Top of the 4th over - 1 run, 1 hit, 1 error, 2 left on base; Nashville 1 - Springfield 0
BOTTOM OF THE 4TH
Springfield Stars batting - Pitching for Nashville G-Strings : RHP Javier García
Batting: LHB Derek Davidson 0-0: Ball
1-0: Called Strike
1-1: Ball
2-1: SOLO HOME RUN (Flyball, 8RXD) (Inside the Park)
Batting: LHB Felipe Guerrero 0-0: Ball
1-0: Ball
2-0: Ball
3-0: Base on Balls
Batting: LHB Elliott Newell 0-0: Called Strike
0-1: Ball
1-1: Called Strike
Felipe Guerrero steals 2nd base
1-2: Foul Ball, location: 2F
1-2: Strikes out swinging
Batting: RHB Calvin Bennett 0-0: Ball
1-0: Foul Ball, location: 2F
1-1: Ground out 1-3 (Groundball, P)
Felipe Guerrero to third
Batting: LHB Mike Pearson 0-0: Called Strike
0-1: Ball
1-1: Ball
2-1: Ball
3-1: Base on Balls
Batting: RHB Juan Carlos Rodríguez 0-0: Called Strike
0-1: Foul Ball, location: 2F
0-2: Ball
1-2: Ball
2-2: Foul Ball, location: 2F
2-2: Ground out 6-3 (Groundball, 56D)
Bottom of the 4th over - 1 run, 1 hit, 0 errors, 2 left on base; Nashville 1 - Springfield 1
TOP OF THE 5TH
Nashville G-Strings batting - Pitching for Springfield Stars : RHP Rien Middelkamp
Batting: RHB Wilfred Martin 0-0: Swinging Strike
0-1: Ball
1-1: SINGLE (Flyball, 89S)
Batting: RHB Eric Thompson 0-0: Called Strike
0-1: Foul Ball, location: 2F
0-2: SINGLE (Groundball, 34D)
Wilfred Martin to second
Runner from 2nd tries for 3rd, OUT!
Eric Thompson to second
Batting: LHB Robinson Fernández 0-0: Called Strike
0-1: Ball
Eric Thompson is caught stealing 3rd base
1-1: Ground out 1-3 (Groundball, 13S)
Top of the 5th over - 0 runs, 2 hits, 0 errors, 0 left on base; Nashville 1 - Springfield 1
BOTTOM OF THE 5TH
Springfield Stars batting - Pitching for Nashville G-Strings : RHP Javier García
Batting: LHB Roberto Trujillo 0-0: Swinging Strike
0-1: Called Strike
0-2: Strikes out swinging
Batting: RHB Norberto Taváres 0-0: Foul Ball, location: 2F
0-1: Foul Ball, location: 2F
0-2: Ball
1-2: Foul Ball, location: 2F
1-2: Ball
2-2: Ground out 6-3 (Groundball, 6)
Batting: LHB Jesús Tobías 0-0: Ball
1-0: Ball
2-0: Foul Ball, location: 2F
2-1: Called Strike
2-2: SINGLE (Line Drive, 9S)
Batting: LHB Derek Davidson 0-0: Ball
1-0: Called Strike
1-1: DOUBLE (Line Drive, 9D)
Jesús Tobías to third
Batting: LHB Felipe Guerrero 0-0: Called Strike
0-1: Fly out, F7 (Flyball, 78S)
Bottom of the 5th over - 0 runs, 2 hits, 0 errors, 2 left on base; Nashville 1 - Springfield 1
TOP OF THE 6TH
Nashville G-Strings batting - Pitching for Springfield Stars : RHP Rien Middelkamp
Batting: RHB Sergio Márquez 0-0: Ball
1-0: Called Strike
1-1: Ball
2-1: DOUBLE (Flyball, 78XD)
Batting: LHB Ramón Morales 0-0: Intentional Walk
Batting: RHB Jesús Cabrera 0-0: Fielders Choice at 2nd, 6-4 (Groundball, 56)
Sergio Márquez to third
Now at 2B: Gabriel Erwin
Batting: SHB Ricardo Arévalo 0-0: Fly out, F9 (Flyball, 9LSF)
Runner from 3rd tags up, SCORES, no throw
Batting: RHB John Denton 0-0: Ball
1-0: Ball
2-0: Ground out 3-1 (Groundball, 23)
Top of the 6th over - 1 run, 1 hit, 0 errors, 1 left on base; Nashville 2 - Springfield 1
BOTTOM OF THE 6TH
Springfield Stars batting - Pitching for Nashville G-Strings : RHP Javier García
Batting: LHB Elliott Newell 0-0: Foul Ball, location: 2F
0-1: Ball
1-1: Ball
2-1: SINGLE (Line Drive, 56D)
Batting: RHB Calvin Bennett 0-0: Ball
1-0: Ball
2-0: Ball
3-0: Base on Balls
Elliott Newell to second
Batting: RHB Gabriel Erwin 0-0: Ball
1-0: Called Strike
1-1: Ground out 5-3 (Groundball, 56S)
Elliott Newell to third
Calvin Bennett to second
Batting: RHB Juan Carlos Rodríguez 0-0: TRIPLE (Flyball, 9D)
Elliott Newell scores
Calvin Bennett scores
Batting: LHB Roberto Trujillo 0-0: Ball
1-0: Ball
2-0: Called Strike
2-1: Swinging Strike
2-2: Strikes out swinging
Batting: RHB Norberto Taváres 0-0: Foul Ball, location: 2F
0-1: Foul Ball, location: 2F
0-2: Ball
1-2: Strikes out looking
Bottom of the 6th over - 2 runs, 2 hits, 0 errors, 1 left on base; Nashville 2 - Springfield 3
TOP OF THE 7TH
Nashville G-Strings batting - Pitching for Springfield Stars : RHP Rien Middelkamp
Batting: SHB Jorge Flores 0-0: Ball
1-0: Foul Ball, location: 2F
1-1: Swinging Strike
1-2: Ball
2-2: Strikes out swinging
Batting: RHB Wilfred Martin 0-0: Ball
1-0: Ball
2-0: Foul Ball, location: 2F
2-1: Ball
3-1: Foul Ball, location: 2F
3-2: Strikes out swinging
Batting: RHB Eric Thompson 0-0: Ball
1-0: Ball
2-0: Foul Ball, location: 2F
2-1: Fly out, F9 (Flyball, 9)
Top of the 7th over - 0 runs, 0 hits, 0 errors, 0 left on base; Nashville 2 - Springfield 3
BOTTOM OF THE 7TH
Springfield Stars batting - Pitching for Nashville G-Strings : RHP Javier García
Batting: LHB Jesús Tobías 0-0: Fly out, F9 (Flyball, 89D)
Batting: LHB Derek Davidson 0-0: Swinging Strike
0-1: Ball
1-1: Ball
2-1: Called Strike
2-2: Ground out U3 (Groundball, 34)
Batting: LHB Felipe Guerrero 0-0: Ball
1-0: Ball
2-0: Ball
3-0: Called Strike
3-1: Called Strike
3-2: Ground out U3 (Groundball, 3L)
Bottom of the 7th over - 0 runs, 0 hits, 0 errors, 0 left on base; Nashville 2 - Springfield 3
TOP OF THE 8TH
Nashville G-Strings batting - Pitching for Springfield Stars : RHP Rien Middelkamp
Pitching: RHP José Valdéz
Batting: LHB Robinson Fernández 0-0: Ball
1-0: Foul Ball, location: 2F
1-1: Ball
2-1: Ball
3-1: Base on Balls
Pinch Runner at 1st Martín Medina:
Batting: RHB Sergio Márquez 0-0: Ball
1-0: Called Strike
1-1: Fly out, F4 (Line Drive, 4M)
Batting: LHB Ramón Morales 0-0: Called Strike
0-1: Ball
1-1: Ball
2-1: Ball
3-1: Base on Balls
Martín Medina to second
Batting: RHB Jesús Cabrera 0-0: Called Strike
Martín Medina steals 3rd base
0-1: Ball
1-1: Foul Ball, location: 2F
1-2: Ball
2-2: Strikes out swinging
Batting: SHB Ricardo Arévalo 0-0: Called Strike
0-1: Ball
1-1: Ground out U3 (Groundball, 3)
Top of the 8th over - 0 runs, 0 hits, 0 errors, 2 left on base; Nashville 2 - Springfield 3
BOTTOM OF THE 8TH
Springfield Stars batting - Pitching for Nashville G-Strings : RHP Javier García
Pitching: RHP Kimitada Takai
Batting: LHB Elliott Newell 0-0: Ball
1-0: Called Strike
1-1: Called Strike
1-2: Ball
2-2: Ball
3-2: Fly out, F7 (Flyball, 78M)
Batting: RHB Calvin Bennett 0-0: Foul Ball, location: 2F
0-1: Ball
1-1: Called Strike
1-2: Ball
2-2: Foul Ball, location: 2F
2-2: Ball
3-2: Fly out, F4 (Popup, 4)
Batting: RHB Gabriel Erwin 0-0: Ball
1-0: Ball
2-0: SOLO HOME RUN (Line Drive, 7LD), Distance : 378 ft
Batting: RHB Juan Carlos Rodríguez 0-0: Swinging Strike
0-1: Ball
1-1: Swinging Strike
1-2: Ball
2-2: Strikes out swinging
Bottom of the 8th over - 1 run, 1 hit, 0 errors, 0 left on base; Nashville 2 - Springfield 4
TOP OF THE 9TH
Nashville G-Strings batting - Pitching for Springfield Stars : RHP José Valdéz
Batting: RHB John Denton 0-0: Ball
1-0: Called Strike
1-1: Ball
2-1: Ball
3-1: SINGLE (Groundball, 4) (infield hit)
Pinch Runner at 1st Shawn Marshall:
Batting: SHB Jorge Flores 0-0: Ball
1-0: Called Strike
1-1: Called Strike
1-2: Strikes out looking
Batting: RHB Wilfred Martin 0-0: Called Strike
0-1: Ball
1-1: Ball
2-1: Ball
3-1: SINGLE (Line Drive, 34)
Shawn Marshall to second
Batting: RHB Eric Thompson 0-0: Ball
Wild Pitch!
Shawn Marshall to third
Wilfred Martin to second
1-0: Called Strike
1-1: Called Strike
1-2: Strikes out swinging
Batting: SHB Martín Medina 0-0: Called Strike
0-1: SINGLE (Groundball, 34D)
Shawn Marshall scores
Wilfred Martin to third
Runner from 3rd tries for Home, SAFE, throw made home
Batting: RHB Sergio Márquez 0-0: Called Strike
0-1: Ball
1-1: Ball
2-1: Swinging Strike
2-2: Strikes out looking
Top of the 9th over - 2 runs, 3 hits, 0 errors, 1 left on base; Nashville 4 - Springfield 4
BOTTOM OF THE 9TH
Springfield Stars batting - Pitching for Nashville G-Strings : RHP Kimitada Takai
Pitching: LHP Santiago González
Now in RF: Shawn Marshall
Pinch Hitting: SHB António De La Cruz 0-0: DOUBLE (Flyball, 89D)
Batting: RHB Norberto Taváres 0-0: Intentional Walk
Batting: LHB Jesús Tobías 0-0: Called Strike
0-1: Ball
1-1: Ball
2-1: Foul Ball, location: 2F
2-2: Ball
3-2: Ground out 4-3 (Groundball, 34D)
António De La Cruz to third
Norberto Taváres to second
Batting: LHB Derek Davidson 0-0: Intentional Walk
Batting: LHB Felipe Guerrero 0-0: Ball
1-0: Called Strike
1-1: Swinging Strike
1-2: Ball
2-2: Strikes out swinging
Batting: LHB Elliott Newell 0-0: Ground out 4-3 (Groundball, 4)
Bottom of the 9th over - 0 runs, 1 hit, 0 errors, 3 left on base; Nashville 4 - Springfield 4
TOP OF THE 10TH
Nashville G-Strings batting - Pitching for Springfield Stars : RHP José Valdéz
Pitching: LHP Cristián Escobar
Now at C: António De La Cruz
Pinch Hitting: SHB Rob Grun 0-0: Ball
1-0: Ball
2-0: DOUBLE (Line Drive, 7LD)
Batting: RHB Jesús Cabrera 0-0: Intentional Walk
Batting: SHB Ricardo Arévalo 0-0: Foul Ball, location: 2F
0-1: Called Strike
0-2: Ball
1-2: Foul Ball, location: 2F
1-2: Strikes out swinging
Batting: RHB Shawn Marshall 0-0: Ball
1-0: Foul Ball, location: 2F
1-1: Swinging Strike
1-2: Fly out, F4 (Line Drive, 4M)
Batting: SHB Jorge Flores 0-0: Called Strike
0-1: Ball
1-1: Foul Ball, location: 2F
1-2: SINGLE (Line Drive, 5D)
Rob Grun to third
Jesús Cabrera to second
Batting: RHB Wilfred Martin 0-0: Called Strike
0-1: Ball
1-1: Fly out, F8 (Flyball, 8RD)
Top of the 10th over - 0 runs, 2 hits, 0 errors, 3 left on base; Nashville 4 - Springfield 4
BOTTOM OF THE 10TH
Springfield Stars batting - Pitching for Nashville G-Strings : LHP Santiago González
Pitching: RHP Johnathan Phillips
Now in LF: Rob Grun
Batting: RHB Calvin Bennett 0-0: Foul Ball, location: 2F
0-1: Called Strike
0-2: Foul Ball, location: 2F
0-2: Ball
1-2: Foul Ball, location: 2F
1-2: Ball
2-2: Strikes out swinging
Batting: RHB Gabriel Erwin 0-0: Foul Ball, location: 2F
0-1: Ball
1-1: Ball
2-1: Ground out 5-3 (Groundball, 56)
Batting: RHB Juan Carlos Rodríguez 0-0: Ball
1-0: SINGLE (Line Drive, 56D)
Batting: SHB António De La Cruz 0-0: Ball
1-0: Swinging Strike
1-1: Called Strike
1-2: SINGLE (Line Drive, 8RM)
Juan Carlos Rodríguez to second
Batting: RHB Norberto Taváres 0-0: Ball
1-0: Called Strike
1-1: Ball
2-1: Foul Ball, location: 2F
2-2: Ball
3-2: Base on Balls
Juan Carlos Rodríguez to third
António De La Cruz to second
Batting: LHB Jesús Tobías 0-0: Foul Ball, location: 2F
0-1: SINGLE (Groundball, 4MD)
Juan Carlos Rodríguez scores
Saturday, April 7th, 2018 - OOTP Baseball 18.8 Build 76